 Dungeon Crawl Stone Soup version 0.21.1-68-g103a7afc0a (webtiles) character file.

186 SacredBeard the Cudgeler (level 5, -10/63 HPs)
             Began as a Human Berserker on Aug 2, 2018.
             Was a Believer of Trog.
             Mangled by motoroller71's ghost (13 damage)
             ... on level 4 of the Dungeon.
             The game lasted 00:19:34 (2670 turns).

SacredBeard the Cudgeler (Human Berserker)          Turns: 2670, Time: 00:19:34

Health: -10/63     AC:  7    Str: 23    XL:     5   Next: 97%
Magic:  5/5        EV: 11    Int:  7    God:    Trog [**....]
Gold:   47         SH:  0    Dex: 13    Spells: 4/4 levels left

rFire    . . .     SeeInvis .   n - +0 flail (curse)
rCold    . . .     Gourm    .   (no shield)
rNeg     . . .     Faith    .   d - +0 scale mail
rPois    .         Spirit   .   (no helmet)
rElec    .         Reflect  .   (no cloak)
rCorr    .         Harm     .   m - +0 pair of gloves
MR       .....                  (no boots)
Stlth    ..........             (no amulet)
HPRegen  0.20/turn              (no ring)
MPRegen  0.09/turn              (no ring)

@: berserking, very quick
A: no striking features
a: Berserk, Trog's Hand, Burn Spellbooks, Renounce Religion


You were on level 4 of the Dungeon.
You worshipped Trog.
Trog was pleased with you.
You were hungry.

You visited 1 branch of the dungeon, and saw 4 of its levels.

You collected 112 gold pieces.
You spent 65 gold pieces at shops.

Inventory:

Hand Weapons
 n - a cursed +0 flail (weapon)
 o - a +0 flail
Armour
 d - a +0 scale mail (worn)
 m - a +0 pair of gloves (worn)
Wands
 q - a wand of clouds (4)
Scrolls
 e - 4 scrolls of identify {unknown}
 h - 2 scrolls of teleportation {unknown}
 i - a scroll of fog {unknown}
 k - a scroll of remove curse {unknown}
 l - a scroll of enchant armour {unknown}
 r - a scroll of amnesia {unknown}
Potions
 a - 2 potions of degeneration {unknown}
 b - 2 potions of heal wounds
 f - 2 potions of curing {unknown}
 g - 2 potions of brilliance {unknown}
 j - a potion of agility {unknown}
Comestibles
 c - 4 rations
 p - 3 chunks of flesh


   Skills:
 * Level 4.0 Fighting
 + Level 4.6 Maces & Flails
 + Level 2.7 Armour
 * Level 2.9 Dodging


You had 4 spell levels left.
You didn't know any spells.

Dungeon Overview and Level Annotations

Branches:
Dungeon (4/15)
 Temple: D:4-7

Altars:
Cheibriados
Dithmenos
Qazlal
Xom

Shops:
D:4 !

Annotations:
D:4 motoroller71's ghost, amateur GnGl


Message History

You start resting.
Motoroller71's ghost (amateur Gnoll Gladiator) comes into view.
You start resting.
Motoroller71's ghost is nearby!
You start resting.
Motoroller71's ghost turns its malevolent gaze towards you.
You barely miss motoroller71's ghost. Motoroller71's ghost hits you!
A red film seems to cover your vision as you go berserk!
You feel yourself moving faster!
You feel mighty!
You are feeling hungry.
Motoroller71's ghost hits you!
* * * LOW HITPOINT WARNING * * *
You sock motoroller71's ghost!
Motoroller71's ghost is moderately damaged.
Motoroller71's ghost hits you!
* * * LOW HITPOINT WARNING * * *
You completely miss motoroller71's ghost.
Motoroller71's ghost is moderately damaged.
Motoroller71's ghost hits you!
You die...

≈.§§..≈#
..§§.≈#
..?≈≈
≈≈≈###.##
#.......#
#.#.#
#.#.#
#W#.###.#
#.@.....#
#%♣.#####
♣.∩.♣
##♣<# #.#
#.# #.#
#.# #.#


You could see motoroller71's ghost.

Vanquished Creatures
  An orc priest (D:3)
  2 worker ants (D:4)
  2 adders
  5 worms
  3 dart slugs
  A leopard gecko (D:1)
  7 orcs (D:3)
  5 giant cockroaches
  5 goblins
  5 hobgoblins
  4 jackals (D:3)
  2 ball pythons
  10 bats
  4 frilled lizards
  A jackal skeleton (D:4)
  4 kobolds (D:3)
  4 rats
65 creatures vanquished.

Vanquished Creatures (others)
  A hound (D:4)
1 creature vanquished.

Grand Total: 66 creatures vanquished

Notes
Turn   | Place    | Note
-------+----------+-------------------------------------------
     0 | D:1      | SacredBeard the Human Berserker began the quest for the Orb.
     0 | D:1      | Reached XP level 1. HP: 18/18 MP: 1/1
   136 | D:1      | Reached XP level 2. HP: 24/24 MP: 2/2
   442 | D:1      | Reached XP level 3. HP: 27/29 MP: 3/3
   868 | D:2      | Found a stormy altar of Qazlal.
   868 | D:2      | Noticed an air elemental
   870 | D:2      | Noticed a fire elemental
   870 | D:2      | Noticed a water elemental
   870 | D:2      | Noticed an earth elemental
   936 | D:2      | Reached ** piety under Trog
  1017 | D:2      | Found a snail-covered altar of Cheibriados.
  1082 | D:2      | Reached XP level 4. HP: 29/36 MP: 4/4
  1270 | D:2      | Found a shadowy altar of Dithmenos.
  1819 | D:3      | HP: 1/55 [orc priest/divine providence (15)]
  1824 | D:3      | Reached XP level 5. HP: 2/42 MP: 5/5
  2538 | D:4      | Found Kirghuxku's Distillery.
  2542 | D:4      | Bought a potion of heal wounds for 65 gold pieces
  2544 | D:4      | Found a shimmering altar of Xom.
  2644 | D:4      | Noticed motoroller71's ghost (amateur GnGl)
  2669 | D:4      | HP: 3/63 [motoroller71's ghost (13)]
  2670 | D:4      | Mangled by motoroller71's ghost

Skill      XL: |  1  2  3  4  5 |
---------------+----------------+-----
Maces & Flails | 4 |  4.6
Fighting       | 4 |  4.0
Armour         | |  2.7
Dodging        | |  2.9

Action                   |  1- 3 |  4- 6 || total
-------------------------+-------+-------++-------
Melee: Mace              |   123 |    44 ||   167
       Flail             |       |    52 ||    52
Invok: Berserk           |       |     3 ||     3
  Eat: Chunk             |     1 |     7 ||     8
Armor: Scale mail        |    49 |    33 ||    82
       Animal skin       |     1 |       ||     1
Dodge: Dodged            |    87 |    57 ||   144
